 Dungeon Crawl Stone Soup version 0.17-a0-1850-g688e747 (webtiles) character file.

112 4thArraOfDagon the Firebug (level 4, 0/24 HPs)
             Began as a Tengu Fire Elementalist on Sept 18, 2015.
             Slain by a gnoll (6 damage)
             ... on level 5 of the Dungeon.
             The game lasted 00:06:15 (1135 turns).

4thArraOfDagon the Firebug (TeFE)                   Turns: 1135, Time: 00:06:15

Health: 0/24       AC:  2    Str:  9    XL:     4   Next: 95%
Magic:  1/8        EV: 12    Int: 16    God:
Gold:   63         SH:  0    Dex: 14    Spells: 2 memorised, 3 levels left

rFire  . . .     SeeInvis .     (no weapon)
rCold  . . .     Clarity  .     a - +0 robe
rNeg   . . .     SustAt   .     (no shield)
rPois  +         Gourm    .     (helmet restricted)
rElec  .         Spirit   .     (no cloak)
rCorr  .         Warding  .     (no gloves)
rMut   .         Stasis   .     (boots unavailable)
MR     .....                    (no amulet)
Stlth  ++........               (no ring)
                                o - ring of poison resistance

@: very slightly contaminated, not resistant to hostile enchantments, unstealthy
A: beak, talons 3
a: no special abilities


You were on level 5 of the Dungeon.
You were hungry.

You visited 1 branch of the dungeon, and saw 7 of its levels.

You collected 63 gold pieces.

Inventory:

Missiles
 e - a stone (quivered)
Armour
 a - a +0 robe (worn)
Jewellery
 o - a ring of poison resistance (left hand)
Scrolls
 k - a scroll of identify
Potions
 g - 2 potions of poison
 h - a potion of cure mutation
 j - a potion of curing
 l - a potion of brilliance
Books
 b - a book of Flames

   Spells                             Type                      Level
   a - Flame Tongue                   Conjuration/Fire             1
   b - Throw Flame                    Conjuration/Fire             2
   c - Conjure Flame                  Conjuration/Fire             3
   d - Inner Flame                    Hexes/Fire                   3
   e - Sticky Flame                   Conjuration/Fire             4
   f - Fireball                       Conjuration/Fire             5
Comestibles
 c - 2 bread rations
 d - a royal jelly
 i - 2 chunks of flesh
 m - a meat ration


   Skills:
 - Level 2.1 Dodging
 - Level 2.0 Stealth
 + Level 2.3 Spellcasting
 * Level 3.7 Conjurations
 * Level 4.8 Fire Magic


You had 3 spell levels left.
You knew the following spells:

 Your Spells              Type           Power        Failure   Level  Hunger
a - Flame Tongue          Conj/Fire      ###..        4%          1    #......
b - Conjure Flame         Conj/Fire      ###.....     12%         3    ###....


Dungeon Overview and Level Annotations

Branches:
Dungeon (7/15)
 Temple: D:4-7

Altars:

Annotations:
D:3 Purgy
D:4 Menkaure


Innate Abilities, Weirdness & Mutations

You have a beak for a mouth.
You have claws for feet.


Message History

You are very lightly contaminated with residual magic.
Found a stone staircase leading up.
You flicker for a moment.
There is a stone staircase leading up here.
Casting: Flame Tongue
Confirm with . or Enter, or press ? or * to list all spells.
Aiming: Flame Tongue
Press: ? - help, Shift-Dir - straight line, f/p - gnoll
Aim: a gnoll (hasn't noticed you)
The flame tongue misses the gnoll.
The gnoll completely misses you.
Casting: Flame Tongue
Confirm with . or Enter, or press ? or * to list all spells.
Aiming: Flame Tongue
Press: ? - help, Shift-Dir - straight line, f/p - gnoll
Aim: a gnoll The flame tongue hits the gnoll.
The gnoll is moderately wounded.
You flicker back into view.
The gnoll hits you.
You die...

#.# #.#....#
#.# #.#....%
#.# ..
#.#.....
#.#######.
...####.#.5...
###.........
.W........S...
#...........
........##....
#.#########.
...####.......
#.# ########
## #.#.....
#.# #....g@#
#.#.#..# #.#
#.######
..#(#... #.#
#.# ...#.#..#
#.# #.#
....+.#...
#.########.#
.....###...
#..........#
......+ +...
############
.. #... ?..
.... .... .##.


You could see a gnoll.

Vanquished Creatures
  A giant frog zombie (D:5)
  A worker ant (D:5)
  2 gnolls (D:5)
  An adder (D:4)
  A shadow imp (D:5)
  2 ball pythons
  A bat (D:2)
  2 giant cockroaches
  2 goblins
  4 kobolds
  3 giant geckos
20 creatures vanquished.

Notes
Turn   | Place    | Note
--------------------------------------------------------------
     0 | D:1      | 4thArraOfDagon the Tengu Fire Elementalist began the quest for the Orb.
     0 | D:1      | Reached XP level 1. HP: 10/10 MP: 4/4
    67 | D:3      | Noticed Purgy
   232 | D:2      | Reached XP level 2. HP: 15/15 MP: 4/6
   364 | D:4      | Noticed Menkaure
   377 | D:4      | Reached XP level 3. HP: 11/19 MP: 3/7
   382 | D:4      | Learned a level 3 spell: Conjure Flame
   401 | D:4      | Reached skill level 4 in Fire Magic
   473 | D:5      | Entered Level 5 of the Dungeon
   539 | D:5      | Noticed a phantom
   563 | D:5      | Noticed an ogre
   568 | D:5      | crappy potions
   569 | D:5      | ROTFL
   746 | D:7      | Noticed a centaur
   811 | D:6      | Noticed an ogre
   943 | D:5      | Reached XP level 4. HP: 12/24 MP: 2/8
  1135 | D:5      | Slain by a gnoll

Vault maps used:
D:1:      tarquinn_simple_flora_water_f, st_stairs_11
D:2:      first_bread, kennysheep_generic_room_13
D:3:      grunt_qazlal_clouds, nicolae_ru_sacrificial_ziggurat, uniq_natasha,
          uniq_purgy, uniq_iyjb
D:4:      uniq_menkaure
D:6:      serial_shops, nicolae_shop_behind_doors
D:7:      minmay_temple_entry_hall

Action                   |  1- 3 |  4- 6 || total
-------------------------+-------+-------++-------
Melee: Dagger            |     5 |       ||     5
       Unarmed           |       |     2 ||     2
Throw: Stone             |     3 |    12 ||    15
 Cast: Flame Tongue      |    34 |    10 ||    44
       Conjure Flame     |     2 |     2 ||     4
  Use: Scroll            |     5 |       ||     5
       Potion            |     4 |     1 ||     5
  Eat: Royal jelly       |     1 |       ||     1
